 Dungeon Crawl Stone Soup version 0.23.1 (webtiles) character file.

Game seed: 15412795564277056620

60 Borgoz the Skirmisher (level 4, -3/39 HPs)
             Began as a Ghoul Monk on Mar 17, 2019.
             Slain by a gnoll
             ... wielding a +0 spear
              (4 damage)
             ... on level 2 of the Dungeon.
             The game lasted 00:02:45 (1664 turns).

Borgoz the Skirmisher (Ghoul Monk)                  Turns: 1664, Time: 00:02:46

Health: -3/39      AC:  5    Str: 14    XL:     4   Next: 6%
Magic:  3/3        EV: 11    Int:  6    God:
Gold:   42         SH:  0    Dex: 11    Spells: 3/3 levels left

rFire    . . .     SeeInvis .   a - +0 short sword
rCold    + . .     Gourm    .   (no shield)
rNeg     + + +     Faith    .   i - +0 ring mail
rPois    ∞         Spirit   .   (no helmet)
rElec    .         Reflect  .   (no cloak)
rCorr    .         Harm     .   (no gloves)
MR       .....                  (no boots)
Stlth    +.........             (no amulet)
HPRegen  0.00/turn              (no ring)
MPRegen  0.08/turn              (no ring)

@: rotting
A: rotting body, claws 1, carnivore, cold resistance 1, negative energy
resistance 3, inhibited regeneration, torment resistance, unbreathing
a: no special abilities


You were on level 2 of the Dungeon.
You were not hungry.

You visited 1 branch of the dungeon, and saw 3 of its levels.

You collected 42 gold pieces.

Inventory:

Hand Weapons
 a - a +0 short sword (weapon)
Armour
 i - a +0 ring mail (worn)
Scrolls
 e - a scroll of enchant weapon {unknown}
 f - 4 scrolls of identify {unknown}
 g - a scroll of fear {unknown}
 j - a scroll of remove curse {unknown}
 k - a scroll of random uselessness {unknown}
Comestibles
 c - 5 rations


   Skills:
 + Level 3.6 Fighting
 * Level 3.4 Short Blades
 + Level 1.1 Armour
 + Level 3.0 Dodging
 + Level 2.7 Stealth


You had 3 spell levels left.
You didn't know any spells.
Your spell library was empty.

Dungeon Overview and Level Annotations

Branches:
Dungeon (3/15)

Altars:

Annotations:
D:2 Sigmund, Terence


Innate Abilities, Weirdness & Mutations

Your body is rotting away.
You thrive on raw meat.
You are immune to poison.
You have sharp fingernails.
You are carnivorous and can eat meat at any time.
Your flesh is cold resistant. (rC+)
You are immune to negative energy. (rN+++)
You do not regenerate when monsters are visible.
You are immune to unholy pain and torment.
You can survive without breathing.


Message History

You hit the gnoll.
The gnoll is heavily wounded.
The gnoll hits you with a +0 spear.
You hit the gnoll.
The gnoll is severely wounded.
The gnoll hits you with a +0 spear!
You hit the gnoll.
The gnoll is severely wounded.
The gnoll closely misses you.
You hit the gnoll but do no damage.
The gnoll is severely wounded.
The gnoll hits you with a +0 spear.
* * * LOW HITPOINT WARNING * * *
Okay, then.
It was a potion of lignification.
You feel woody for a moment. The gnoll hits you with a +0 spear!
* * * LOW HITPOINT WARNING * * *
It was a potion of cancellation.
You feel magically purged. The gnoll hits you with a +0 spear.
You die...

#.# #..............#
##.####
##....###.######
#.....# #..#.###.#
#.....#####........#
####........###.#.#####
.........<..###.#.###
............#.......#
........(######g#####
................@#
.....#####.####.##
.....# #...##.# .....#
###....# ####.# #.####
####'#### #.#########
........# #.........#
........# ###########
........#


You could see a gnoll.

Vanquished Creatures
  2 adders (D:2)
  An ooze (D:2)
  A dart slug (D:2)
  A leopard gecko (D:1)
  5 bats
  9 goblins
  3 hobgoblins
  4 kobolds
  2 frilled lizards (D:2)
  A leopard gecko zombie (D:2)
  5 rats
34 creatures vanquished.

Notes
Turn   | Place    | Note
-------+----------+-------------------------------------------
     0 | D:1      | Borgoz the Ghoul Monk began the quest for the Orb.
     0 | D:1      | Reached XP level 1. HP: 19/19 MP: 0/0
   222 | D:1      | Reached XP level 2. HP: 18/24 MP: 1/1
  1064 | D:2      | Reached XP level 3. HP: 27/31 MP: 2/2
  1239 | D:2      | Reached skill level 1 in Armour
  1447 | D:2      | Reached XP level 4. HP: 31/39 MP: 3/3
  1491 | D:2      | Noticed Sigmund
  1492 | D:2      | Noticed Terence
  1663 | D:2      | HP: 1/39 [gnoll/+0 spear (8)]
  1664 | D:2      | Slain by a gnoll

Skill      XL: |  1  2  3 |
---------------+----------+-----
Short Blades   | 3 |  3.4
Armour         | 1 |  1.1
Dodging        | 3 |  3.0
Fighting       | |  3.6
Stealth        | |  2.7

Action                   |  1- 3 |  4- 6 || total
-------------------------+-------+-------++-------
Melee: Short sword       |   140 |    19 ||   159
  Use: Potion            |       |     2 ||     2
 Stab: Sleeping          |     4 |       ||     4
  Eat: Chunk             |     9 |     2 ||    11
Armor: Robe              |     8 |       ||     8
       Ring mail         |    37 |     3 ||    40
Dodge: Dodged            |   103 |    10 ||   113
